 Dungeon Crawl Stone Soup version 0.28.0-62-gf88900778d (webtiles) character file.

Game seed: 2160854108691705455

21448 cbfl8 the Cleaver (level 12, -3/105 HPs)
             Began as a Minotaur Berserker on Apr 19, 2023.
             Was a High Priest of Trog.
             Slain by a catoblepas (5 damage)
             ... while petrified by a catoblepas
             ... on level 13 of the Dungeon.
             The game lasted 00:20:10 (15842 turns).

cbfl8 the Cleaver (Minotaur Berserker)             Turns: 15842, Time: 00:20:11

Health: -3/105     AC: 19    Str: 21    XL:     12   Next: 54%
Magic:  11/11      EV:  2    Int:  4    God:    Trog [*****.]
Gold:   759        SH:  0    Dex: 25    Spells: 11/11 levels left

rFire   + . .      SeeInvis +   G - +6 broad axe "Emodoh" {drain, rN+ rCorr Dex+3}
rCold   + . .      Faith    .   N - +2 tower shield {rC+}
rNeg    + + +      Spirit   .   P - +5 chain mail "Perozem" {Will+ Dex+6 SInv}
rPois   ∞          Reflect  .   (helmet restricted)
rElec   .          Harm     +   w - scarf {harm}
rCorr   +          Rampage  .   I - +0 pair of gloves
Will    +....                   v - +0 pair of boots
Stlth   +.........              F - amulet of regeneration
HPRegen 1.07/turn               o - ring of protection from fire
MPRegen 0.12/turn               H - ring of flight

@: petrified, flying
A: horns 2, retaliatory headbutt
a: Renounce Religion, Berserk, Trog's Hand, Brothers in Arms


You were on level 13 of the Dungeon.
You worshipped Trog.
Trog was extremely pleased with you.
You visited 1 branch of the dungeon, and saw 13 of its levels.
You also visited: Bailey and Ice Cave.

You collected 759 gold pieces.

Inventory:

Hand Weapons
 G - the +6 broad axe "Emodoh" (weapon) {drain, rN+ rCorr Dex+3}
   (You acquired it on level 12 of the Dungeon)

   A truly terrible weapon, it drains the life of any living foe it strikes.
   Dex:       It affects your dexterity (+3).
   rN:        It protects you from negative energy.
   rCorr:     It protects you from acid and corrosion.
Armour
 v - a +0 pair of boots (worn)
 w - a scarf of harm (worn)
 I - a +0 pair of gloves (worn)
 N - a +2 tower shield of cold resistance (worn)
 P - the +5 chain mail "Perozem" (worn) {Will+ Dex+6 SInv}
   (You found it in an ice cave)

   Dex:       It affects your dexterity (+6).
   SInv:      It lets you see invisible.
   Will:      It increases your willpower.
Jewellery
 o - a ring of protection from fire (left hand)
 F - an amulet of regeneration (around neck)
 H - a ring of flight (right hand)
Wands
 b - a wand of iceblast (2)
 i - a wand of polymorph (3)
 m - a wand of acid (7)
 t - a wand of mindburst (23)
 y - a wand of flame (22)
 z - a wand of digging (13)
 M - a wand of charming (8)
Scrolls
 a - a scroll of enchant weapon
 e - 3 scrolls of immolation
 f - 3 scrolls of summoning
 h - 3 scrolls of teleportation
 k - 4 scrolls of noise
 s - a scroll of silence {unknown}
 u - 4 scrolls of holy word
 K - a scroll of fog {unknown}
Potions
 c - 8 potions of heal wounds
 d - 3 potions of flight
 g - 6 potions of mutation
 j - 3 potions of lignification
 l - 3 potions of cancellation {unknown}
 n - a potion of ambrosia {unknown}
 p - 5 potions of curing
 r - a potion of degeneration {unknown}
 x - 4 potions of brilliance {unknown}
 A - a potion of resistance {unknown}
 B - 2 potions of haste {unknown}
 C - 2 potions of might {unknown}
 D - 2 potions of magic {unknown}
 E - 3 potions of invisibility {unknown}
 J - 2 potions of attraction {unknown}
Miscellaneous
 Q - a condenser vane


   Skills:
 + Level 9.4 Fighting
 + Level 13.8 Axes
 + Level 9.9 Armour
 * Level 5.3 Dodging
 * Level 7.6 Stealth
 + Level 8.0 Shields
 * Level 7.8 Evocations


You had 11 spell levels left.
You didn't know any spells.
Your spell library was empty.

Dungeon Overview and Level Annotations

Branches:
Dungeon (13/15)            Temple (0/1) D:4            Lair (0/6) D:11
    Orc (0/2) D:11         Bailey (visited)           IceCv (visited)
 Vaults: D:13-14

Altars:
Dithmenos
Gozag
Nemelex Xobeh
Okawaru
Zin
The Shining One
Beogh

Shops:
D:5 *   D:8 !   D:12 ?

Annotations:
D:4 3 runed translucent doors, jjjjhere's ghost, novice MiEn
D:9 2 runed translucent doors
D:10 3 runed translucent doors, Kranky's ghost, journeyman OpFi


Innate Abilities, Weirdness & Mutations

You have a pair of horns on your head.
You reflexively headbutt those who attack you in melee.


Message History

The cyclops hits you! The catoblepas gores you! The cyclops hits you!
The catoblepas breathes a plume of calcifying dust at you.
The blast of calcifying dust hits you.
You are engulfed in calcifying dust.
The cyclops hits you!! The catoblepas gores you!!
You are engulfed in calcifying dust.
The catoblepas gores you! The cyclops hits you.
You are engulfed in calcifying dust.
The catoblepas snuffles in challenge.
The catoblepas breathes a plume of calcifying dust at you.
The blast of calcifying dust hits you but does no damage.
The cyclops hits you!
You are engulfed in calcifying dust.
The catoblepas gores you.
You are engulfed in calcifying dust.
The catoblepas gores you!!
* * * LOW HITPOINT WARNING * * *
The cyclops hits you.
* * * LOW HITPOINT WARNING * * *
You are engulfed in calcifying dust.
The catoblepas gores you!!
* * * LOW HITPOINT WARNING * * *
The cyclops hits you!
* * * LOW HITPOINT WARNING * * *
You turn to flesh and can move again.
Unknown command.
Blink to where?
Press: ? - help, Dir - move target
As you read the scroll of blinking, it crumbles to dust.
As you read the scroll of fear, it crumbles to dust.
You assume a fearsome visage.
The catoblepas resists with some effort.
The catoblepas breathes a plume of calcifying dust at you.
The blast of calcifying dust hits you but does no damage.
You are engulfed in calcifying dust.
You are slowing down.
Your limbs are stiffening.
You have turned to stone.
The catoblepas seems less drained.
The catoblepas gores you!!
* * * LOW HITPOINT WARNING * * *
The catoblepas gores you!
You die...

...# ##### ...#### #...#
...##'###..^#
........#...#
............#
+##.....#...#
.####.......###+#
#####.......'.[.####
.<..........#...@Y.#
##.#####....#.#.##.# .#.#
#........##§# .#.###
#.####.#.##§######
.....##.. ...#.##§.....#
.............>#.##.####.#
.....##.###.#.#.##.##...#
....... ....#.#.##.##.###
(...#### ## ....Y##.#


You could see a catoblepas.

Vanquished Creatures
  A frost giant (IceCv)
  Erica (D:10)
  7 death yaks (IceCv)
  3 oklob plants (D:11)
  An ugly thing (D:11)
  2 manticores
  An ice statue (IceCv)
  A kobold demonologist (D:12)
  2 unseen horrors (D:12)
  2 trolls
  A hornet (D:9)
  7 polar bears (IceCv)
  A meliai zombie (D:11)
  2 vampires
  A wyvern (D:9)
  3 wraiths (D:9)
  A shadow (D:10)
  18 yaks (IceCv)
  A steam dragon (D:8)
  2 basilisks (D:11)
  4 vampire mosquitoes (D:12)
  Menkaure (D:7)
  3 water moccasins
  A black bear (D:5)
  An ice beast (D:7)
  A sky beast (D:5)
  4 orc warriors
  2 ogres
  15 wolves (IceCv)
  5 centaurs
  2 phantoms
  5 kobold brigands
  A bullfrog (D:7)
  A scorpion (D:6)
  A water moccasin zombie (D:6)
  6 killer bees (D:8)
  3 wights
  2 howler monkeys
  5 centaur zombies
  2 bullfrog skeletons
  4 orc priests
  A hound (D:5)
  A centaur skeleton (D:5)
  An iguana (D:5)
  12 orc wizards
  A killer bee zombie (D:5)
  8 gnolls (Bailey)
  A howler monkey skeleton (D:6)
  13 adders
  A shadow imp (D:6)
  A white imp (D:6)
  2 worms
  3 dart slugs
  57 orcs
  4 endoplasms
  4 giant cockroaches
  7 goblins
  5 hobgoblins
  8 jackals
  2 quokkas
  11 ball pythons
  3 bats
  35 kobolds
  3 rats
311 creatures vanquished.

Vanquished Creatures (others)
  3 plants (D:11)
3 creatures vanquished.

Grand Total: 314 creatures vanquished

Notes
Turn   | Place    | Note
-------+----------+-------------------------------------------
     0 | D:1      | cbfl8 the Minotaur Berserker began the quest for the Orb.
     0 | D:1      | Reached XP level 1. HP: 19/19 MP: 0/0
   171 | D:1      | Reached XP level 2. HP: 26/27 MP: 1/1
   254 | D:1      | Reached skill level 4 in Axes
   577 | D:1      | Found a faded altar of an unknown god.
   823 | D:1      | You fall into a shaft and drop 1 floor!
   834 | D:2      | Reached skill level 1 in Evocations
   834 | D:2      | Reached XP level 3. HP: 9/33 MP: 2/2
  1068 | D:2      | Reached ** piety under Trog
  1931 | D:2      | Reached XP level 4. HP: 40/40 MP: 3/3
  2325 | D:3      | Reached skill level 1 in Stealth
  2340 | D:3      | Reached skill level 5 in Axes
  2769 | D:3      | Reached XP level 5. HP: 24/46 MP: 4/4
  2965 | D:3      | Reached *** piety under Trog
  3647 | D:4      | Found a runed translucent gate.
  3647 | D:4      | Found a runed translucent gate.
  3647 | D:4      | Found a runed translucent gate.
  3786 | D:4      | Found a staircase to the Ecumenical Temple.
  3971 | D:4      | Noticed jjjjhere's ghost (novice MiEn)
  4043 | D:5      | Entered Level 5 of the Dungeon
  4116 | D:5      | Reached XP level 6. HP: 46/53 MP: 5/5
  4127 | D:5      | Reached skill level 6 in Axes
  4279 | D:5      | Identified the +0 robe "Kathaobb" {rF+ Int+3}
  4280 | D:5      | Found Zin's Purification Station.
  4280 | D:5      | Found a glowing silver altar of Zin.
  4658 | D:5      | Reached skill level 1 in Shields
  4658 | D:5      | Reached XP level 7. HP: 55/60 MP: 6/6
  4818 | D:5      | Reached skill level 7 in Axes
  4830 | D:5      | Reached skill level 5 in Fighting
  5135 | D:5      | Reached **** piety under Trog
  5296 | D:5      | Identified the +9 dagger of Vebeock {speed, rF- Dex+4}
  5463 | D:5      | Reached XP level 8. HP: 58/68 MP: 7/7
  6093 | D:6      | Reached skill level 8 in Axes
  6741 | D:7      | Reached skill level 5 in Armour
  6840 | D:7      | Noticed Menkaure
  6844 | D:7      | Killed Menkaure
  7422 | D:7      | Noticed a troll
  7431 | D:7      | Killed a troll
  7432 | D:7      | Reached XP level 9. HP: 61/75 MP: 8/8
  7584 | D:7      | Found an opulent altar of Gozag.
  7711 | D:7      | Reached skill level 9 in Axes
  8372 | D:8      | Found Nohyfi Moux's Distillery.
  9353 | D:8      | Found a shadowy altar of Dithmenos.
  9648 | D:9      | Reached skill level 5 in Evocations
  9917 | D:9      | Reached skill level 5 in Stealth
 10084 | D:9      | Reached skill level 10 in Axes
 10289 | D:9      | Reached XP level 10. HP: 78/84 MP: 9/9
 10317 | D:9      | Noticed a fire dragon
 10317 | D:9      | Found the +2 shield of Resistance {rF++ rC++ Will++}
 10317 | D:9      | Noticed an ice dragon
 10318 | D:9      | Found a runed translucent door.
 10318 | D:9      | Noticed an ice dragon
 10319 | D:9      | Noticed a fire dragon
 10337 | D:9      | Found a glowing golden altar of the Shining One.
 10337 | D:9      | Found a sparkling altar of Nemelex Xobeh.
 10409 | D:9      | Found an iron altar of Okawaru.
 10577 | D:9      | Found a runed translucent door.
 10649 | D:10     | Entered Level 10 of the Dungeon
 10782 | D:10     | Noticed Erica
 10790 | D:10     | Killed Erica
 10819 | D:10     | Found a flagged portal.
 10835 | Bailey   | Entered a bailey
 11124 | Bailey   | Reached ***** piety under Trog
 11753 | D:10     | Found a runed translucent gate.
 11753 | D:10     | Found a runed translucent gate.
 11753 | D:10     | Found a runed translucent gate.
 11756 | D:10     | Noticed Kranky's ghost (journeyman OpFi)
 11757 | D:10     | Identified the +1 chain mail of Curiosity {Stlth+}
 12167 | D:11     | Noticed a red ugly thing
 12420 | D:11     | Reached skill level 5 in Shields
 12430 | D:11     | Killed a red ugly thing
 12470 | D:11     | Reached skill level 11 in Axes
 12539 | D:11     | Found a staircase to the Orcish Mines.
 12681 | D:11     | Found a staircase to the Lair.
 12682 | D:11     | Noticed an oklob plant
 12684 | D:11     | Noticed an oklob plant
 12684 | D:11     | Noticed an oklob plant
 12697 | D:11     | Killed an oklob plant
 13021 | D:11     | Killed an oklob plant
 13022 | D:11     | Reached XP level 11. HP: 45/92 MP: 10/10
 13178 | D:11     | Killed an oklob plant
 13199 | D:12     | Identified a scroll of acquirement
 13217 | D:12     | Acquired the +6 broad axe "Emodoh" {drain, rN+ rCorr Dex+3}
 13257 | D:12     | Found Bayguf's Magic Scroll Shoppe.
 13394 | D:12     | Found a frozen archway.
 13407 | IceCv    | Entered an ice cave
 13735 | IceCv    | Reached skill level 12 in Axes
 13994 | IceCv    | Noticed a death yak
 13994 | IceCv    | Noticed a death yak
 13995 | IceCv    | Noticed a death yak
 14004 | IceCv    | Killed a death yak
 14005 | IceCv    | Killed a death yak
 14007 | IceCv    | Killed a death yak
 14048 | IceCv    | Noticed a death yak
 14048 | IceCv    | Noticed a death yak
 14050 | IceCv    | Reached skill level 13 in Axes
 14063 | IceCv    | Killed a death yak
 14064 | IceCv    | Reached XP level 12. HP: 103/103 MP: 11/11
 14065 | IceCv    | Killed a death yak
 14426 | IceCv    | Noticed a frost giant
 14815 | IceCv    | Identified the +8 halberd "Spiderbane" {elec, *Noise rC+
                  | Dex+3 Stlth+}
 14823 | IceCv    | Killed a frost giant
 14824 | IceCv    | Reached skill level 5 in Dodging
 14917 | IceCv    | Noticed a death yak
 14921 | IceCv    | Noticed a death yak
 14922 | IceCv    | Killed a death yak
 14930 | IceCv    | Killed a death yak
 15308 | IceCv    | Identified the +5 chain mail "Perozem" {Will+ Dex+6 SInv}
 15817 | D:13     | Noticed a catoblepas
 15830 | D:13     | HP: 3/105 [cyclops (6)]
 15841 | D:13     | HP: 1/105 [catoblepas (15)]
 15842 | D:13     | Slain by a catoblepas

Illustrated notes

Levels and vault maps discovered:
D:1:      dpeg_arrival_central, layout_basic,
          hellmonk_ecumenical_altar_crossroads, amcnicky_mini_pool_small
D:2:      minmay_spotlight, layout_basic, minmay_door_square
D:3:      layout_basic, minmay_snake_closets
D:4:      layout_cave_pools, minmay_temple_entry_crystal_x,
          gammafunk_ghost_necromancy
D:5:      layout_layer_cave, zin_purify, minmay_misc_feat_chi,
          grunt_ministairs_15, chequers_avenue,
          amcnicky_mini_rare_corridor_liquid, minmay_misc_feat_encased
D:6:      layout_basic
D:7:      layout_layer_cave, grunt_gozag_statues, due_unseen_surprise,
          uniq_menkaure
D:8:      layout_cave_pods, lemuel_doored_altar, serial_shops,
          nicolae_stop_n_shop_2
D:9:      layout_roguey, grunt_temple_overflow_open,
          minmay_guarded_unrand_resistance
D:10:     layout_basic, biasface_ghost_orc_armoury, enter_bailey_2, uniq_erica
D:11:     layout_rooms, dpeg_oklobed_lair, orc_0_dummy,
          minmay_tree_intersection, kennysheep_crisscross
D:12:     layout_big_octagon, portal_ice_cave_entry_pillars_1, serial_shops,
          nicolae_diamond_shop, st_stairs_6
D:13:     layout_basic, grunt_ministairs_5

Skill      XL: |  1  2  3  4  5  6  7  8  9 10 11 12 |
---------------+-------------------------------------+-----
Axes           | 4 5 6 7 8 10 11 13 | 13.8
Evocations     | 1 2 3 4 5 6 7 |  7.8
Fighting       | 4 5 6 7 8 9 |  9.4
Stealth        | 1 2 3 4 5 6 7 |  7.6
Armour         | 3 4 5 7 8 9 |  9.9
Dodging        | 3 4 5 |  5.3
Shields        | 1 2 4 5 7 8 |  8.0

Action                   |  1- 3 |  4- 6 |  7- 9 | 10-12 || total
-------------------------+-------+-------+-------+-------++-------
Melee: Hand axe          |    72 |    43 |       |       ||   115
       Headbutt          |     9 |    21 |    50 |    86 ||   166
       War axe           |       |   106 |   245 |   155 ||   506
       Punch             |       |     1 |       |       ||     1
       Broad axe         |       |       |       |   185 ||   185
Invok: Berserk           |       |       |     5 |     7 ||    12
       Trog's Hand       |       |       |       |     2 ||     2
  Use: Potion            |     1 |       |       |       ||     1
       Scroll            |       |     5 |     9 |     9 ||    23
 Stab: Sleeping          |     3 |     1 |       |       ||     4
Armor: Animal skin       |    12 |     7 |       |       ||    19
       Ring mail         |       |    43 |     1 |       ||    44
       Chain mail        |       |       |   125 |   147 ||   272
Dodge: Dodged            |    43 |    83 |    57 |   113 ||   296
Block: Kite shield       |       |    31 |   144 |   228 ||   403
       Tower shield      |       |       |       |    47 ||    47
